 Dungeon Crawl Stone Soup version 0.27-a0-909-g0721f309d1 (webtiles) character file.

Game seed: 6170386360929237461

1300 spiderkeys the Sneak (level 8, -9/55 HPs)
             Began as an Octopode Brigand on Apr 9, 2021.
             Was a High Priest of Zin.
             Mangled by a two-headed ogre
             ... wielding a +0 giant spiked club
              (13 damage)
             ... on level 5 of the Dungeon.
             The game lasted 00:10:18 (5642 turns).

spiderkeys the Sneak (Octopode Brigand)             Turns: 5642, Time: 00:10:19

Health: -9/55      AC:  8    Str: 10    XL:     8   Next: 57%
Magic:  8/8        EV: 15    Int: 14    God:    Zin [*****.]
Gold:   321        SH:  0    Dex: 15    Spells: 1/7 levels left

rFire    . . .     SeeInvis .   d - +0 dagger (protect)
rCold    . . .     Faith    .   (no shield)
rNeg     . . .     Spirit   .   (helmet restricted)
rPois    .         Reflect  .   f - amulet of regeneration
rElec    .         Harm     .   (no ring)
rCorr    .         Rampage  .   (no ring)
Will     .....                  (no ring)
Stlth    ++++......             (no ring)
HPRegen  1.18/turn              (no ring)
MPRegen  0.11/turn              (no ring)
                                (no ring)
                                (no ring)

@: protection aura
A: almost no armour, amphibious, 8 rings, camouflage 1, gelatinous body 1,
(nimble swimmer 1), tentacles
a: Renounce Religion, Recite, Vitalisation, Imprison, Sanctuary, Donate Gold


You were on level 5 of the Dungeon.
You worshipped Zin.
Zin was extremely pleased with you.
You visited 1 branch of the dungeon, and saw 6 of its levels.
You also visited: Ossuary.

You collected 356 gold pieces.
You donated 35 gold pieces to Zin.

Inventory:

Hand Weapons
 a - a +2 dagger of flaming
 d - a +0 dagger of protection (weapon)
Missiles
 b - 37 poisoned darts (quivered)
 c - a curare-tipped dart
 q - 5 atropa-tipped darts
Jewellery
 f - an amulet of regeneration (around mantle)
Wands
 i - a wand of acid (6)
Scrolls
 e - a scroll of silence
 g - a scroll of fear
 h - 2 scrolls of amnesia
 s - 2 scrolls of magic mapping
 w - a scroll of enchant armour
Potions
 j - a potion of cancellation
 k - 2 potions of brilliance
 l - a potion of lignification {unknown}
 m - 4 potions of curing
 n - a potion of invisibility {unknown}
 o - a potion of magic {unknown}
 p - 2 potions of flight
 r - 4 potions of haste
 t - a potion of might {unknown}
 u - a potion of ambrosia {unknown}
 v - 2 potions of berserk rage {unknown}
 x - 2 potions of heal wounds {unknown}


   Skills:
 + Level 5.1 Fighting
 + Level 5.1 Short Blades
 - Level 3.4 Throwing
 + Level 4.7 Dodging
 - Level 6.7 Stealth
 + Level 3.5 Hexes


You had one spell level left.
You knew the following spells:

 Your Spells              Type           Power      Damage    Failure   Level
a - Corona                Hex            10%        N/A       7%          1
b - Ensorcelled Hibernat  Hex/Ice        8%         N/A       22%         2
c - Confusing Touch       Hex            9%         N/A       21%         3

Your spell library contained the following spells:

 Spells                   Type           Power      Damage    Failure   Level
 Tukima's Dance           Hex            9%         N/A       21%         3
 Dazzling Flash           Conj/Hex       8%         N/A       38%         3
 Gell's Gravitas          Tloc           0%         N/A       65%         3
 Petrify                  Tmut/Erth      0%         N/A       96%         4
 Metabolic Englaciation   Hex/Ice        2%         N/A       98%         5
 Yara's Violent Unravell  Hex/Tmut       2%         3d3       98%         5


Dungeon Overview and Level Annotations

Branches:
Dungeon (6/15)             Temple (0/1) D:4         Ossuary (visited)

Altars:
Dithmenos
Sif Muna
Uskayaw
Zin


Innate Abilities, Weirdness & Mutations

You cannot wear most types of armour.
You are amphibious.
You can wear up to eight rings at the same time.
Your skin changes colour to match your surroundings (Stealth+).
Your rubbery body absorbs attacks. (AC +1, EV +1)
((You are camouflaged near water. (Stealth+)))
You have tentacles for arms and can constrict up to eight enemies at once.


Message History

Press: ? - help, Shift-Dir - straight line, f - two-headed ogre
Aim: a two-headed ogre, wielding a +0 giant spiked club and a +0 giant club (severely wounded, 76% to hit)
You throw a curare-tipped dart.
The curare-tipped dart hits the two-headed ogre.
The two-headed ogre is poisoned.
The two-headed ogre convulses.
The two-headed ogre seems to slow down.
The two-headed ogre is severely wounded.
You hit the two-headed ogre but do no damage.
Your weapon exudes an aura of protection.
You squeeze the two-headed ogre!
The two-headed ogre is severely wounded.
You hit the two-headed ogre but do no damage.
The two-headed ogre is severely wounded.
The two-headed ogre misses you.
The two-headed ogre hits you with a +0 giant club!
You hit the two-headed ogre but do no damage.
The two-headed ogre is severely wounded.
You barely miss the two-headed ogre. You squeeze the two-headed ogre.
The two-headed ogre is almost dead.
The two-headed ogre barely misses you. x2
You hit the two-headed ogre but do no damage.
The two-headed ogre is almost dead.
You hit the two-headed ogre.
The two-headed ogre is almost dead.
You hit the two-headed ogre.
The two-headed ogre is almost dead.
The two-headed ogre closely misses you.
The two-headed ogre hits you with a +0 giant club!!
* * * LOW HITPOINT WARNING * * *
The two-headed ogre is no longer moving slowly.
Throw: 6 darts (atropa)
Press: ? - help, Shift-Dir - straight line, f/p - two-headed ogre
Aim: a two-headed ogre, wielding a +0 giant spiked club and a +0 giant club (almost dead, poisoned, 76% to hit, chance to blind on hit: 22%)
You throw an atropa-tipped dart.
The atropa-tipped dart closely misses the two-headed ogre.
You hit the two-headed ogre.
The two-headed ogre is almost dead.
The two-headed ogre misses you.
The two-headed ogre hits you with a +0 giant club!
You die...

...............#.................
(........<.....#.................
...............#.................
..........(....#.................
########.##....#......#######....
....####.##############.....#....
...............#............#....
...............#............#....
...............#@O.(...(....'....
########'####..##########'###....
...###...####..##..####....######
............................'....
...................>........#....
...................>........#....
...###+##..###...####...##.####..
...##..##+####...#########.######
.......#.........................


You could see a two-headed ogre (poisoned).

Vanquished Creatures
  Sigmund (D:2)
  An ice beast (D:5)
  A necrophage (D:3)
  An ogre (D:5)
  2 phantoms (D:5)
  A scorpion (D:5)
  A wyvern skeleton (D:4)
  A howler monkey (D:3)
  A centaur zombie (D:5)
  2 hounds (D:5)
  Jessica (D:3)
  Terence (D:3)
  2 orc wizards (D:5)
  13 mummies (Ossuary)
  A gnoll (D:1)
  7 adders
  3 white imps
  3 ufetubi (D:5)
  A worm (D:2)
  A dart slug (D:3)
  10 orcs
  3 bats
  10 endoplasms
  4 giant cockroaches
  12 goblins
  6 hobgoblins
  19 jackals
  3 quokkas
  4 ball pythons
  6 frilled lizards
  3 gnoll skeletons (Ossuary)
  2 goblin skeletons (Ossuary)
  4 kobolds
  A kobold skeleton (Ossuary)
  2 orc skeletons (Ossuary)
  6 rats
  11 rat skeletons (Ossuary)
151 creatures vanquished.

Notes
Turn   | Place    | Note
-------+----------+-------------------------------------------
     0 | D:1      | spiderkeys the Octopode Brigand began the quest for the
                  | Orb.
     0 | D:1      | Reached XP level 1. HP: 14/14 MP: 1/1
   301 | D:1      | Reached XP level 2. HP: 19/19 MP: 2/2
   512 | D:1      | Reached XP level 3. HP: 24/24 MP: 3/3
  1012 | D:2      | Reached XP level 4. HP: 29/30 MP: 4/4
  1025 | D:2      | Noticed Sigmund
  1211 | D:3      | Noticed Jessica
  1217 | D:3      | Noticed Terence
  1223 | D:3      | Killed Jessica
  1224 | D:3      | Reached skill level 6 in Stealth
  1402 | D:3      | Killed Terence
  1403 | D:3      | Reached XP level 5. HP: 36/36 MP: 5/5
  1822 | D:3      | Noticed a necrophage
  1829 | D:3      | Killed a necrophage
  1830 | D:3      | Reached XP level 6. HP: 41/42 MP: 6/6
  3023 | D:2      | Found a faded altar of an unknown god.
  3055 | D:2      | Became a worshipper of Zin the Law-Giver
  3055 | D:2      | Reached * piety under Zin
  3055 | D:2      | Reached ** piety under Zin
  3080 | D:2      | Learned a level 1 spell: Corona
  3093 | D:2      | Learned a level 2 spell: Ensorcelled Hibernation
  3340 | D:2      | Killed Sigmund
  3341 | D:2      | Reached skill level 1 in Hexes
  3341 | D:2      | Reached XP level 7. HP: 38/47 MP: 7/7
  3401 | D:4      | Noticed a +0 spear
  3401 | D:4      | Noticed a +0 spear
  3402 | D:4      | Noticed a +0 dagger
  3403 | D:4      | Noticed a +0 falchion
  3403 | D:4      | Noticed a +0 short sword
  3403 | D:4      | Noticed a +0 short sword
  3405 | D:4      | Noticed a +0 falchion
  3405 | D:4      | Noticed a +0 dagger
  3424 | D:4      | Found a hide-covered altar of Uskayaw.
  3535 | D:4      | Found a staircase to the Ecumenical Temple.
  3665 | D:4      | Reached *** piety under Zin
  3765 | D:4      | Found a shadowy altar of Dithmenos.
  4101 | D:5      | Entered Level 5 of the Dungeon
  4118 | D:5      | Found a sand-covered staircase.
  4123 | Ossuary  | Entered an ossuary
  4252 | Ossuary  | Reached **** piety under Zin
  4797 | D:5      | Reached XP level 8. HP: 51/54 MP: 8/8
  4840 | D:5      | Reached ***** piety under Zin
  4856 | D:5      | Learned a level 3 spell: Confusing Touch
  5258 | D:5      | Found a shimmering blue altar of Sif Muna.
  5315 | D:5      | Reached skill level 5 in Fighting
  5315 | D:5      | Reached skill level 5 in Short Blades
  5582 | D:6      | Noticed a two-headed ogre
  5598 | D:6      | HP: 2/55 [two-headed ogre/+0 giant spiked club (6)]
  5639 | D:5      | HP: 1/55 [two-headed ogre/+0 giant spiked club (25)]
  5642 | D:5      | Mangled by a two-headed ogre

Illustrated notes

Levels and vault maps discovered:
D:1:      saegor_arrival_simple_a, layout_basic
D:2:      layout_rooms, shapermc_ecumenical_altar_mp_ritualfount, uniq_sigmund
D:3:      layout_loops_ring, serial_co_window_serial, co_window_paths_b,
          co_window_paths_b, co_window_paths_a, co_window_cross_1,
          co_window_corner_a, co_window_2corner, co_window_of_opportunity_b,
          co_window_of_opportunity_c, co_window_4corner_b, glass_columns_c,
          grunt_ministairs_14, minmay_joined_circles, uniq_terence, uniq_jessica
D:4:      wander_river, layout_basic, nicolae_uskayaw_en_pointe,
          nicolae_overflow_hidden_temple, nicolae_dithmenos_the_darkroom,
          minmay_temple_entry_overgrown, kennysheep_generic_room_10
D:5:      layout_gridville, lemuel_doored_altar, enter_ossuary_2,
          minmay_tree_intersection
D:6:      layout_cave_pools, lemuel_round_altar, okawaru_altar_gauntlet_db,
          minmay_stone_trees_small

Skill      XL: |  1  2  3  4  5  6  7  8 |
---------------+-------------------------+-----
Dodging        | 2 3 4 |  4.7
Stealth        | 6 |  6.7
Fighting       | 3 4 5 |  5.1
Short Blades   | 3 4 5 |  5.1
Throwing       | 3 |  3.4
Hexes          | 1 2 3 |  3.5

Action                   |  1- 3 |  4- 6 |  7- 9 || total
-------------------------+-------+-------+-------++-------
Melee: Dagger            |    76 |   171 |   302 ||   549
       Tentacles         |    15 |    33 |    52 ||   100
       Constrict         |    16 |    33 |    36 ||    85
Throw: Dart              |       |     1 |     3 ||     4
  Use: Scroll            |       |    10 |     7 ||    17
       Potion            |       |     1 |       ||     1
 Stab: Sleeping          |     9 |     8 |    19 ||    36
Armor: Skin              |    17 |    25 |    52 ||    94
Dodge: Dodged            |    32 |   108 |   160 ||   300

Table legend: (Time is in decaauts)
 A = Elapsed time spent in this place.
 B = Non-inter-level travel time spent in this place.
 C = Inter-level travel time spent in this place.
 D = Time resting spent in this place.
 E = Time spent auto-exploring this place.
 F = Levels seen in this place.
 G = Mean time per level.
                   A        B        C        D        E       F      G
               +--------+--------+--------+--------+--------+-----+--------+
         Total |   5540 |   5306 |    234 |    435 |   3741 |   7 |  791.4 |
       Dungeon |   5129 |   4895 |    234 |    400 |   3552 |   6 |  854.8 |
       Ossuary |    411 |    411 |      0 |     35 |    189 |   1 |  411.0 |
               +--------+--------+--------+--------+--------+-----+--------+

Top non-repeatable levels by time:
     D:3: 1885 daAuts
     D:5: 1032 daAuts
     D:1: 993 daAuts
     D:4: 708 daAuts
     D:2: 476 daAuts
 Ossuary: 411 daAuts
     D:6: 34 daAuts
